[Event "7th Cesme Open-A 2019"]
[Site "Cesme"]
[Date "2019.06.29"]
[Round "8"]
[White "Ozenir, Ekin Baris"]
[Black "Lavrov, Maxim"]
[Result "1/2-1/2"]
[ECO "B07"]
[WhiteElo "2250"]
[BlackElo "2401"]
[Annotator "NA"]
[PlyCount "126"]
[EventDate "2019.06.24"]
[EventType "swiss"]
[EventCountry "TUR"]
[SourceTitle "playchess.com"]
[Source "ChessBase"]
[SourceQuality "1"]
[TimeControl "5400+30"]

1. d4 d6 2. e4 Nf6 3. f3 Nbd7 4. Be3 e5 5. d5 c6 6. c4 {[%emt 0:01:30] B07: Pirc Defence: Miscellaneous Systems} Be7 7. Nc3 a6 (7... O-O 8. Nge2 a5 9. Nc1 cxd5 10. cxd5 b6 11. Bb5 Nc5 12. Bc6 Rb8 13. Nb5 Ba6 14. O-O Ne8 15. Nd3 f5 16. b4 Nxd3 17. Qxd3 axb4 18. exf5 {1-0 (51) Lenic,L (2662)-Plat,V (2569) chess.com INT 2018}) 8. Bd3 cxd5 9. cxd5 b5 10. Nge2 Nc5 $146 ({Predecessor:} 10... Nb6 11. a4 b4 12. a5 bxc3 13. Bxb6 cxb2 14. Bxd8 bxa1=Q 15. Qxa1 Bxd8 {½-½ (42) Vucicevic,M (2309)-Radovanovic,M (1941) Belgrade 2013}) 11. Bc2 b4 12. Na4 O-O 13. Nxc5 dxc5 14. Bd3 Ne8 15. O-O Bd7 16. Qd2 Nd6 17. Rfc1 Nb5 18. Rxc5 Bxc5 19. Bxc5 Re8 20. Qxb4 a5 21. Qd2 Rc8 22. Qe3 $16 a4 23. Bxb5 Bxb5 24. Nc3 Bd7 25. b4 axb3 26. axb3 Ra8 27. Rd1 Ra6 28. d6 Qa8 29. Qc1 Rb8 30. Nd5 Ra2 31. b4 h6 32. Qc3 Qa6 33. Re1 f6 34. Qb3 Kh8 35. Nc7 Qa4 36. Qxa4 Rxa4 37. Rd1 Kg8 38. Rd2 Kf7 39. Kf2 g5 40. h3 h5 41. Ke3 Ra3+ 42. Rd3 Ra2 43. Rd2 Ra3+ 44. Rd3 Ra1 45. Rb3 Ra2 46. g4 hxg4 47. hxg4 Rh8 48. b5 Rb8 49. b6 Rb7 50. Kd3 Ba4 51. Rc3 Bd7 52. Kc4 Ra4+ 53. Kb3 Ra1 54. Kb4 Ra4+ 55. Kb3 Ra1 56. Kb4 Ra4+ 57. Kb3 Ra1 58. Kb2 Rd1 59. Ra3 Rxd6 60. Bxd6 Rxb6+ 61. Kc2 Rc6+ 62. Kd2 Rxd6+ 63. Rd3 Ba4 1/2-1/2

[Event "7th Cesme Open-A 2019"]
[Site "Cesme"]
[Date "2019.06.29"]
[Round "8"]
[White "Ozates, Tuna"]
[Black "Kucuksari, Kaan"]
[Result "0-1"]
[ECO "B03"]
[WhiteElo "2214"]
[BlackElo "2299"]
[Annotator "NA"]
[PlyCount "141"]
[EventDate "2019.06.24"]
[EventType "swiss"]
[EventCountry "TUR"]
[SourceTitle "playchess.com"]
[Source "ChessBase"]
[SourceQuality "1"]
[TimeControl "5400+30"]

1. e4 Nf6 2. e5 Nd5 3. d4 d6 4. c4 Nb6 5. exd6 exd6 6. h3 Be7 7. Nf3 Bf5 8. Bd3 Bxd3 9. Qxd3 O-O 10. O-O c6 11. Nc3 d5 12. c5 Nc8 13. Bf4 Nd7 14. b4 Bf6 15. Rab1 a6 16. Rfe1 b5 17. a4 Ne7 18. Bd6 Re8 19. Re2 Nf8 20. Ra2 Qd7 21. Rba1 Rac8 22. axb5 axb5 23. g4 Neg6 24. Ra7 Qd8 25. Qf5 Ne6 26. g5 Bxg5 27. Qxf7+ Kh8 28. Re1 Qf6 29. Nxg5 Qxg5+ 30. Kh1 Qf6 31. Qxf6 gxf6 32. Rd1 Ra8 33. Rxa8 Rxa8 34. Bg3 Kg7 35. Kg2 Ne7 36. Ne2 Nf5 37. Rd2 Ra3 38. h4 Kg6 39. f3 Rb3 40. Bf2 Rxb4 41. Ra2 Ra4 42. Rd2 Ra3 43. Rb2 h6 44. Rb1 Ra2 45. Kf1 Ra3 46. Kg2 Ra2 47. Kf1 Ra4 48. Rd1 Ra3 49. Kg2 Re3 50. h5+ Kg5 51. Rg1 Rd3 52. Rh1 Rd2 53. Kf1 Rd1+ 54. Be1 Nfxd4 55. Kg2 Nxe2 56. Bh4+ Kxh5 57. Rxd1 Kxh4 58. Kf2 Nc3 59. Rh1+ Kg5 60. Ke3 Nxc5 61. Kd4 N5a4 62. f4+ Kg6 63. f5+ Kg5 64. Rg1+ Kxf5 65. Rf1+ Ke6 66. Rh1 c5+ 67. Kd3 b4 68. Kc2 c4 69. Ra1 b3+ 70. Kc1 b2+ 71. Kc2 0-1

[Event "7th Cesme Open-A 2019"]
[Site "Cesme"]
[Date "2019.06.29"]
[Round "8"]
[White "Yilmaz, Goktan"]
[Black "Guseynov, Alihan"]
[Result "1/2-1/2"]
[ECO "B61"]
[WhiteElo "2155"]
[BlackElo "2274"]
[Annotator "NA"]
[PlyCount "83"]
[EventDate "2019.06.24"]
[EventType "swiss"]
[EventCountry "TUR"]
[SourceTitle "playchess.com"]
[Source "ChessBase"]
[SourceQuality "1"]
[TimeControl "5400+30"]

1. e4 c5 2. Nf3 Nc6 3. d4 cxd4 4. Nxd4 Nf6 5. Nc3 d6 6. Bg5 Bd7 7. f3 Rc8 8. Qd2 Nxd4 9. Qxd4 Qa5 10. Be3 a6 11. O-O-O g6 12. Bc4 Bg7 13. Bb3 O-O 14. Qb6 Qxb6 15. Bxb6 Be6 16. Nd5 Bxd5 17. Bxd5 Nxd5 18. exd5 Rc4 19. c3 h5 20. Rhe1 Bf6 21. Kc2 Rfc8 22. Kd3 Kf8 23. Rc1 Ke8 24. Rc2 Kd7 25. Re4 Rxe4 26. fxe4 Be5 27. h3 f5 28. c4 fxe4+ 29. Kxe4 Rf8 30. Be3 e6 31. c5 exd5+ 32. Kxd5 Rf1 33. cxd6 Bxd6 34. Rf2 Rxf2 35. Bxf2 Bf4 36. g3 Bd6 37. g4 hxg4 38. hxg4 Bf4 39. Kc5 Be5 40. Kb6 Kc8 41. b3 Bd6 42. Bd4 1/2-1/2

[Event "7th Cesme Open-A 2019"]
[Site "Cesme"]
[Date "2019.06.30"]
[Round "9"]
[White "Iskandarov, Misratdin"]
[Black "Bernadskiy, Vitaliy"]
[Result "1-0"]
[ECO "B51"]
[WhiteElo "2502"]
[BlackElo "2578"]
[Annotator "ChessBase"]
[PlyCount "101"]
[EventDate "2019.06.24"]
[EventType "swiss"]
[EventCountry "TUR"]
[SourceTitle "playchess.com"]
[Source "ChessBase"]
[SourceQuality "1"]
[TimeControl "5400+30"]

1. e4 c5 2. Nf3 d6 3. Bb5+ Nd7 4. a4 Ngf6 5. Nc3 e6 6. O-O Be7 7. Re1 a6 8. Bf1 b6 9. d4 cxd4 10. Nxd4 Bb7 11. Nb3 Rc8 12. Bf4 Ne5 13. Nd2 Nfd7 14. Be3 h5 15. Be2 Nf6 16. h3 h4 17. f4 Ned7 18. Bf3 e5 19. Nd5 exf4 20. Bxf4 Ne5 21. Nb3 Nxf3+ 22. Qxf3 Nxd5 23. exd5 O-O 24. Nd4 Qd7 25. Qd3 Rfe8 26. c4 Bf6 27. Nf5 Bxb2 28. Rab1 Ba3 29. Bg5 Bc5+ 30. Kh2 f6 31. Bxh4 Rxe1 32. Rxe1 Re8 33. Rxe8+ Qxe8 34. Bxf6 Qe1 35. Bd4 Bc8 36. Nh6+ Kh8 37. Nf7+ Kg8 38. Ng5 Qh4 39. Qe3 Bd7 40. Bxc5 dxc5 41. Qe5 Qh5 42. d6 Qg6 43. Qd5+ Kf8 44. Qa8+ Be8 45. Qf3+ Kg8 46. Qd5+ Kh8 47. d7 Bxd7 48. Nf7+ Kg8 49. Nd8+ Kh7 50. Qxd7 Qf6 51. Qc7 1-0

[Event "7th Cesme Open-A 2019"]
[Site "Cesme"]
[Date "2019.06.30"]
[Round "9"]
[White "Mammadov, Zaur"]
[Black "Quparadze, Giga"]
[Result "1/2-1/2"]
[ECO "B22"]
[WhiteElo "2428"]
[BlackElo "2498"]
[Annotator "ChessBase"]
[PlyCount "80"]
[EventDate "2019.06.24"]
[EventType "swiss"]
[EventCountry "TUR"]
[SourceTitle "playchess.com"]
[Source "ChessBase"]
[SourceQuality "1"]
[TimeControl "5400+30"]

1. e4 c5 2. c3 d5 3. exd5 Qxd5 4. d4 g6 5. Be3 Bg7 6. Na3 cxd4 7. Nb5 Na6 8. Bxd4 Bxd4 9. Nxd4 Nf6 10. Ngf3 O-O 11. Bxa6 bxa6 12. O-O Rb8 13. Qe2 Re8 14. Rfe1 a5 15. b3 a4 16. c4 Qc5 17. Qe5 Nd7 18. Qxc5 Nxc5 19. Re5 Nd7 20. Ra5 axb3 21. axb3 e5 22. Re1 f6 23. Rxa7 Nc5 24. Nc6 Rxb3 25. Ne7+ Kh8 26. Rc7 Bb7 27. Nd5 Bxd5 28. cxd5 Nd3 29. Rd1 Reb8 30. d6 Rb1 31. Rf1 Rxf1+ 32. Kxf1 Rd8 33. d7 Kg7 34. Nd2 Nf4 35. Ne4 Ne6 36. Ra7 Kf7 37. Nd6+ Ke7 38. Nc8+ Kf7 39. Nd6+ Ke7 40. Nc8+ Kf7 1/2-1/2

[Event "7th Cesme Open-A 2019"]
[Site "Cesme"]
[Date "2019.06.30"]
[Round "9"]
[White "Gokerkan, Cem Kaan"]
[Black "Baklan, Vladimir"]
[Result "1/2-1/2"]
[ECO "C24"]
[WhiteElo "2415"]
[BlackElo "2620"]
[Annotator "RC"]
[PlyCount "20"]
[EventDate "2019.06.24"]
[EventType "swiss"]
[EventCountry "TUR"]
[SourceTitle "playchess.com"]
[Source "ChessBase"]
[SourceQuality "1"]
[TimeControl "5400+30"]

1. e4 e5 2. Bc4 Nf6 3. d3 c6 4. Nf3 d5 5. Bb3 a5 6. a4 Bb4+ 7. c3 Bd6 8. Qe2 O-O 9. O-O dxe4 10. dxe4 Nbd7 1/2-1/2

[Event "7th Cesme Open-A 2019"]
[Site "Cesme"]
[Date "2019.06.30"]
[Round "9"]
[White "Lavrov, Maxim"]
[Black "Darban, Morteza"]
[Result "1-0"]
[ECO "B22"]
[WhiteElo "2401"]
[BlackElo "2264"]
[Annotator "NA"]
[PlyCount "130"]
[EventDate "2019.06.24"]
[EventType "swiss"]
[EventCountry "TUR"]
[SourceTitle "playchess.com"]
[Source "ChessBase"]
[SourceQuality "1"]
[TimeControl "5400+30"]

1. e4 c5 2. c3 d5 3. exd5 Qxd5 4. d4 Nc6 5. Nf3 Bf5 (5... Nf6 6. Be2 cxd4 7. cxd4 e6 8. O-O Be7 9. Nc3 Qd6 10. Nb5 Qd8 11. Bf4 Nd5 12. Bg3 O-O 13. Bc4 a6 14. Nc3 Nxc3 15. bxc3 b5 16. Bd3 Bb7 17. a4 b4 18. Rb1 Bf6 19. Be4 a5 20. cxb4 axb4 21. Bxc6 {½-½ (21) Zvjaginsev,V (2660)-Moiseenko,A (2692) Berlin 2015}) 6. dxc5 {[%emt 0:02:00] B22: Sicilian: 2 c3} Qxd1+ 7. Kxd1 O-O-O+ 8. Ke1 e5 9. b4 f6 10. Be3 Nge7 11. Nbd2 Nd5 12. Rc1 g5 13. Nb3 $146 ({Predecessor:} 13. Bc4) 13... h5 14. Bc4 h4 15. h3 Nce7 16. Nfd2 Ng6 17. Bxd5 Rxd5 18. f3 Nf4 19. Bxf4 gxf4 20. Ke2 Bd3+ 21. Kf2 f5 22. Rhe1 Bg7 23. Na5 Kc7 24. Kg1 Rg8 25. Kh2 b6 26. Nab3 $11 Bf6 27. a4 Rd7 28. cxb6+ axb6 29. a5 bxa5 30. Nc5 Rd6 31. bxa5 Kc6 32. Nxd3 Rxd3 33. Re2 Kd5 34. c4+ Kd4 35. c5 Rc8 36. Rc4+ Kd5 37. Ra4 Rc3 38. a6 Be7 39. a7 Ra8 40. c6 Bd6 41. Ra5+ Kxc6 42. Ra6+ Kc7 43. Re1 Rc2 44. Nb3 Rc6 45. Rea1 Bb4 46. Rxc6+ Kxc6 47. Ra6+ Kb5 48. Ra2 Be1 49. Kg1 Kb6 50. Kf1 Bb4 51. Ke2 Rxa7 52. Rxa7 Kxa7 53. Kd3 Kb6 54. Kc4 Ba3 55. Kd5 Kb5 56. Kxe5 Kb4 57. Nd4 Bb2 58. Kd5 Kc3 59. Nxf5 Kd3 60. Nxh4 Ke3 61. Ng6 Bg7 62. h4 Bh6 63. h5 Kf2 64. Nh4 Bg5 65. Nf5 Kxg2 1-0

[Event "7th Cesme Open-A 2019"]
[Site "Cesme"]
[Date "2019.06.30"]
[Round "9"]
[White "Barsov, Alexei"]
[Black "Kamer, Kayra"]
[Result "1-0"]
[ECO "E69"]
[WhiteElo "2397"]
[BlackElo "2353"]
[Annotator "NA"]
[PlyCount "101"]
[EventDate "2019.06.24"]
[EventType "swiss"]
[EventCountry "TUR"]
[SourceTitle "playchess.com"]
[Source "ChessBase"]
[SourceQuality "1"]
[TimeControl "5400+30"]

1. d4 Nf6 2. c4 g6 3. Nf3 Bg7 4. g3 O-O 5. Bg2 c6 6. O-O d6 7. Nc3 Qa5 8. e4 e5 9. h3 Nbd7 10. Re1 exd4 11. Nxd4 Ne5 12. Bf1 Qb6 13. Kg2 a6 14. f4 Ned7 15. Nc2 Qc7 16. Be3 Re8 17. Bf2 b5 18. cxb5 axb5 19. Qd2 Bb7 20. Kh2 Nb6 21. b3 b4 22. Nxb4 Nxe4 23. Rxe4 Rxe4 24. Nxe4 Bxa1 25. Qxd6 Qxd6 26. Nxd6 Bc3 27. Bxb6 Bxb4 28. Nxb7 Rb8 29. Ba6 Ra8 30. Bc4 Rb8 31. Nd8 Rxb6 32. a4 Kg7 33. Nxf7 c5 34. Kg2 Bc3 35. Kf3 Rb7 36. Nd8 Rd7 37. Ne6+ Kh6 38. g4 Be1 39. Nxc5 Rd2 40. Nd3 Bh4 41. g5+ Kh5 42. a5 Rh2 43. Be6 Bxg5 44. fxg5 Ra2 45. b4 Ra3 46. Ke4 Kxg5 47. Nc5 h5 48. a6 Kh4 49. b5 Ra5 50. b6 Rxc5 51. b7 1-0

[Event "7th Cesme Open-A 2019"]
[Site "Cesme"]
[Date "2019.06.30"]
[Round "9"]
[White "Erdogdu, Mert"]
[Black "Tepe, Efe Can"]
[Result "1-0"]
[ECO "B51"]
[WhiteElo "2391"]
[BlackElo "2150"]
[Annotator "NA"]
[PlyCount "129"]
[EventDate "2019.06.24"]
[EventType "swiss"]
[EventCountry "TUR"]
[SourceTitle "playchess.com"]
[Source "ChessBase"]
[SourceQuality "1"]
[TimeControl "5400+30"]

1. e4 c5 2. Nf3 d6 3. Bb5+ Nd7 4. O-O a6 5. Bd3 Ngf6 6. Re1 g6 7. c3 Bg7 8. Bc2 O-O 9. d4 e5 10. dxe5 dxe5 11. c4 b5 12. Nc3 Rb8 13. Qe2 Qb6 14. a4 bxc4 15. a5 Qc7 16. Nd2 Rd8 17. Nxc4 Nf8 18. Bg5 Ne6 19. Bxf6 Nd4 20. Qd1 Bxf6 21. Nd5 Qc6 22. Nxe5 Qe6 23. Nc4 Rxd5 24. exd5 Qxd5 25. Re8+ Kg7 26. Nb6 Rxb6 27. axb6 Bd7 28. Re1 Qb7 29. Bd3 Bc6 30. Bxa6 Qxb6 31. Bf1 Qxb2 32. Qc1 Qb7 33. Rb1 Qa7 34. Re3 h5 35. Qa3 Qd7 36. Qxc5 h4 37. Rd1 h3 38. gxh3 Ba8 39. Rxd4 Qxd4 40. Qxd4 Bxd4 41. Rd3 Be5 42. Bg2 Bxg2 43. Kxg2 Bb8 44. Rd5 Bf4 45. h4 Kh6 46. h3 f5 47. Kf3 Bc1 48. Rd7 Bb2 49. Rf7 Be5 50. Ke3 Bb8 51. f4 Bd6 52. h5 Bc5+ 53. Kf3 Bd4 54. Rd7 Bb2 55. hxg6 Kxg6 56. Rd2 Bc3 57. Rg2+ Kf6 58. Rc2 Be1 59. Rc6+ Kf7 60. Ke3 Bg3 61. Rc1 Kf6 62. Rg1 Bh4 63. Rg2 Be1 64. Kd4 Ba5 65. h4 1-0

[Event "7th Cesme Open-A 2019"]
[Site "Cesme"]
[Date "2019.06.30"]
[Round "9"]
[White "Bashirli, Nail"]
[Black "Sevgi, Volkan"]
[Result "1/2-1/2"]
[ECO "B51"]
[WhiteElo "2367"]
[BlackElo "2302"]
[Annotator "NA"]
[PlyCount "119"]
[EventDate "2019.06.24"]
[EventType "swiss"]
[EventCountry "TUR"]
[SourceTitle "playchess.com"]
[Source "ChessBase"]
[SourceQuality "1"]
[TimeControl "5400+30"]

1. e4 c5 2. Nf3 Nc6 3. Nc3 d6 4. Bb5 e5 5. O-O Nf6 6. a3 Bd7 7. d3 Be7 8. h3 O-O 9. Bg5 Ne8 10. Bxe7 Nxe7 11. Bc4 Ng6 12. Ne2 Kh8 13. Qd2 f5 14. Qg5 Qf6 15. exf5 Bxf5 16. Ng3 Nf4 17. Rae1 $11 ({And not} 17. Qxf5 Ne2+ 18. Kh2 Nxg3 $17) 17... Bg6 18. Qxf6 gxf6 19. Nh4 d5 20. Nxg6+ hxg6 21. Ba2 Nc7 22. Ne2 Nxe2+ 23. Rxe2 Ne6 24. c3 Nf4 25. Rd2 Rad8 26. h4 d4 27. c4 Rfe8 28. g3 Ne6 29. Bb3 Kg7 30. Bd1 f5 31. Bf3 g5 32. h5 g4 33. Bxb7 Ng5 34. Kg2 e4 35. dxe4 fxe4 36. b4 cxb4 37. axb4 d3 38. c5 Nf3 39. Rdd1 Re7 40. c6 d2 41. c7 Rxc7 42. Bxe4 Rc3 43. Bxf3 gxf3+ 44. Kh3 Rcd3 45. g4 Kh6 46. Kh4 R8d4 47. b5 Rd5 48. Rg1 R5d4 49. Rg3 Re4 50. Rgg1 Red4 51. Kg3 Kg5 52. Kh3 Rd6 53. Rh1 R6d4 54. Rhg1 Rd6 55. Rh1 R6d4 56. h6 Kxh6 57. Kg3+ Kg6 58. Rh8 Re4 59. Rhh1 Red4 60. Rh8 1/2-1/2

[Event "7th Cesme Open-A 2019"]
[Site "Cesme"]
[Date "2019.06.30"]
[Round "9"]
[White "Tuncer, Tuna"]
[Black "Eminov, Orkhan"]
[Result "1-0"]
[ECO "B27"]
[WhiteElo "2365"]
[BlackElo "2314"]
[Annotator "NA"]
[PlyCount "89"]
[EventDate "2019.06.24"]
[EventType "swiss"]
[EventCountry "TUR"]
[SourceTitle "playchess.com"]
[Source "ChessBase"]
[SourceQuality "1"]
[TimeControl "5400+30"]

1. e4 c5 2. Nf3 g6 3. d4 cxd4 4. Qxd4 Nf6 5. Nc3 Nc6 6. Qa4 d6 7. e5 dxe5 8. Nxe5 Bd7 {[%emt 0:00:30] B27: Sicilian: 2 Nf3, unusual Black 2nd moves} 9. Nxd7 Qxd7 10. Be3 Bg7 11. Rd1 Qc8 12. Be2 O-O 13. O-O a6 14. Rfe1 b5 15. Qh4 Qf5 {[%emt 0:15:30] [#]} 16. g4 $146 ({Predecessor:} 16. Bf3) 16... Qc8 17. g5 Nd7 18. Bf3 Nde5 19. Bg2 Rb8 20. Qe4 b4 21. Na4 Na5 22. Bd4 ({White should play} 22. b3 $18) 22... Nac4 $18 (22... Rb5 $16) 23. b3 Nd6 24. Qe2 Rb5 25. c4 bxc3 26. Nxc3 Rc5 27. Bxc5 Qxc5 28. Ne4 Nxe4 29. Qxe4 Qb6 30. Rd5 f6 31. gxf6 exf6 32. Qd4 Qxd4 33. Rxd4 Rc8 34. f4 Ng4 35. Bd5+ Kh8 36. Bb7 Rb8 37. Rd7 Bf8 38. h3 Bc5+ 39. Kg2 Ne3+ 40. Kf3 Nf5 41. Rc1 Nh4+ 42. Ke4 f5+ 43. Kd3 Bb6 44. Rc6 Bd8 45. Rxa6 1-0

[Event "7th Cesme Open-A 2019"]
[Site "Cesme"]
[Date "2019.06.30"]
[Round "9"]
[White "Chighladze, Iveri"]
[Black "Koksal, Ege"]
[Result "1-0"]
[ECO "D02"]
[WhiteElo "2317"]
[BlackElo "2363"]
[Annotator "NA"]
[PlyCount "197"]
[EventDate "2019.06.24"]
[EventType "swiss"]
[EventCountry "TUR"]
[SourceTitle "playchess.com"]
[Source "ChessBase"]
[SourceQuality "1"]
[TimeControl "5400+30"]

1. Nf3 d5 2. g3 Nf6 3. Bg2 c6 4. O-O Bg4 5. d4 Nbd7 6. Nbd2 e6 7. Re1 Be7 8. e4 O-O 9. c3 Rc8 10. a4 {[%emt 0:07:30] D02: 1 d4 d5 2 Nf3 sidelines, including 2...Nf6 3 g3 and 2...Nf6 3 Bf4} (10. h3 Bh5 11. e5 Ne8 12. Nf1 c5 13. g4 Bg6 14. Ng3 b5 {½-½ (14) Mamedov,R (2639)-Akobian,V (2632) Arlington 2015}) 10... Bh5 11. a5 $146 ({Predecessor:} 11. exd5 cxd5 12. a5 b5 13. axb6 axb6 14. Qb3 Qc7 15. Nb1 Ra8 16. Bf4 Bd6 17. Bxd6 Qxd6 18. Rxa8 Rxa8 {1-0 (51) Czebe,A (2479)-Farago,I (2504) Hungary 2001}) 11... Bg6 12. e5 Ne8 13. Qb3 b6 14. Qa2 Nc7 15. b3 c5 16. Bb2 Nb5 17. c4 dxc4 18. Nxc4 cxd4 19. Nxd4 Nxd4 20. Bxd4 $11 Qc7 21. axb6 axb6 22. Red1 Bh5 23. Rd3 Bg6 24. Rdd1 Bh5 25. Rd3 Bg6 26. Re3 Nc5 27. Rc3 Rfd8 28. Be3 h6 29. h4 Kh8 30. Kh2 Kg8 31. Qa7 Nd7 32. Bd4 b5 33. Qxc7 Rxc7 34. Na5 Rxc3 35. Bxc3 Bc5 36. Nc6 Re8 37. f4 Bf2 38. Ra2 Be3 39. Bb4 Bc5 40. Bc3 Bf8 41. g4 h5 42. g5 Nc5 43. b4 Nd3 44. Kg3 Nc1 45. Rd2 Rc8 46. Kf2 Kh7 47. Ke3 Ra8 48. Bb2 Na2 49. Ne7 Ra6 50. Nxg6 fxg6 51. Rd8 Bxb4 52. Rb8 Bc5+ 53. Kd2 b4 54. Bf1 Rc6 55. Bb5 Rc7 56. Re8 Nc3 57. Bc4 Nd5 58. Bxd5 exd5 59. Rd8 b3 60. Rxd5 Bb4+ 61. Kd3 Rc2 62. Rb5 Rxb2 63. Rxb4 Kg8 64. Rb8+ Kf7 65. Rb7+ Kf8 66. Ke4 Rb1 67. Kd5 b2 68. Ke6 Kg8 69. Ke7 Rf1 70. Rb8+ Kh7 71. Rxb2 Rxf4 72. e6 Kg8 73. Rb8+ Kh7 74. Ke8 Re4 75. Rb6 Kg8 76. Kd7 Re1 77. Rb8+ Kh7 78. Rb4 Kg8 79. Ke7 Re2 80. Rd4 Ra2 81. Rd8+ Kh7 82. Rd7 Kg8 83. Ke8 Ra8+ 84. Rd8 Ra7 85. e7 Kh7 86. Rd7 Ra1 87. Rc7 Rd1 88. Rd7 Ra1 89. Kd8 Ra8+ 90. Kc7 Ra7+ 91. Kd6 Ra6+ 92. Kd5 Ra8 93. Ke6 Kg8 94. Rd8+ Kh7 95. Kf7 Ra7 96. Rd6 Rb7 97. Kf8 Rb4 98. e8=Q Rf4+ 99. Rf6 1-0

[Event "7th Cesme Open-A 2019"]
[Site "Cesme"]
[Date "2019.06.30"]
[Round "9"]
[White "Kucuksari, Kaan"]
[Black "Yilmaz, Goktan"]
[Result "1-0"]
[ECO "E11"]
[WhiteElo "2299"]
[BlackElo "2155"]
[Annotator "NA"]
[PlyCount "71"]
[EventDate "2019.06.24"]
[EventType "swiss"]
[EventCountry "TUR"]
[SourceTitle "playchess.com"]
[Source "ChessBase"]
[SourceQuality "1"]
[TimeControl "5400+30"]

1. d4 d5 2. Nf3 Nf6 3. c4 e6 4. g3 Bb4+ 5. Bd2 Be7 6. Bg2 O-O 7. O-O c6 8. Qc2 Nbd7 9. Rd1 Ne4 10. Nc3 f5 11. Nxe4 fxe4 12. Ne1 Nf6 13. f3 Bd6 14. fxe4 dxe4 15. Bxe4 Bxg3 16. Nf3 Bd6 17. Bg5 h6 18. Bh4 Qc7 19. c5 Bf4 20. Bxf6 gxf6 21. Kh1 Bd7 22. Rg1+ Kh8 23. Qc3 Qd8 24. e3 f5 25. exf4 fxe4 26. Ne5 Be8 27. Qh3 Qf6 28. Ng4 Qg6 29. Ne5 Qf6 30. Rg4 Kh7 31. Rag1 Rd8 32. Rg5 Qxf4 33. Rg7+ Kh8 34. Qg2 Qf6 35. Rg8+ Kh7 36. Qg7+ 1-0

[Event "7th Cesme Open-A 2019"]
[Site "Cesme"]
[Date "2019.06.30"]
[Round "9"]
[White "Dogan, Nazmi Can"]
[Black "Annageldyev, Orazly"]
[Result "0-1"]
[ECO "B42"]
[WhiteElo "2276"]
[BlackElo "2353"]
[Annotator "NA"]
[PlyCount "66"]
[EventDate "2019.06.24"]
[EventType "swiss"]
[EventCountry "TUR"]
[SourceTitle "playchess.com"]
[Source "ChessBase"]
[SourceQuality "1"]
[TimeControl "5400+30"]

1. e4 c5 2. Nf3 e6 3. d4 cxd4 4. Nxd4 a6 5. Bd3 d6 6. O-O Nf6 7. Qe2 Qb6 8. Be3 Qc7 9. f4 Be7 10. c4 Nc6 11. Nxc6 bxc6 12. c5 d5 13. Nd2 a5 14. Rac1 Qa7 $14 15. Bd4 Ba6 16. e5 Bxd3 17. Qxd3 Nd7 18. f5 Rb8 19. fxe6 fxe6 20. Qf3 Rf8 21. Qh5+ Kd8 22. Qxh7 Rxf1+ 23. Nxf1 Rb4 24. Qg8+ Nf8 25. Bf2 Rxb2 26. Rc3 Rxf2 27. Kxf2 Bxc5+ 28. Kg3 Qe7 29. h4 Bd4 30. Rxc6 Bxe5+ 31. Kh3 Qf6 32. g3 Qxf1+ 33. Kh2 Qf2+ 0-1

[Event "7th Cesme Open-A 2019"]
[Site "Cesme"]
[Date "2019.06.30"]
[Round "9"]
[White "Guseynov, Alihan"]
[Black "Ozenir, Ekin Baris"]
[Result "1-0"]
[ECO "E32"]
[WhiteElo "2274"]
[BlackElo "2250"]
[Annotator "NA"]
[PlyCount "69"]
[EventDate "2019.06.24"]
[EventType "swiss"]
[EventCountry "TUR"]
[SourceTitle "playchess.com"]
[Source "ChessBase"]
[SourceQuality "1"]
[TimeControl "5400+30"]

1. d4 Nf6 2. c4 e6 3. Nc3 Bb4 4. Qc2 O-O 5. e4 d6 6. Bd3 e5 7. d5 a5 8. Nge2 Na6 9. h3 Nh5 10. g4 Nf6 11. Ng3 Nc5 12. a3 Bxc3+ 13. Qxc3 c6 14. Bc2 cxd5 15. cxd5 Bd7 16. O-O Rc8 17. Qf3 Ne8 18. Nf5 g6 19. Bh6 gxf5 20. gxf5 Qf6 21. Qg4+ Kh8 22. Bxf8 Nc7 23. Bxd6 Qxd6 24. Kh2 a4 25. Rg1 Qh6 26. Rg3 Qf6 27. Rag1 h6 28. f4 exf4 29. Qxf4 Nxd5 30. exd5 Nb3 31. Bxb3 axb3 32. Rg6 Rc2+ 33. Kh1 fxg6 34. Qxh6+ Kg8 35. Rxg6+ 1-0

[Event "7th Cesme Open-A 2019"]
[Site "Cesme"]
[Date "2019.06.30"]
[Round "9"]
[White "Cansun, Can Alp"]
[Black "Lomsadze, Davit"]
[Result "1/2-1/2"]
[ECO "C76"]
[WhiteElo "2121"]
[BlackElo "2292"]
[Annotator "NA"]
[PlyCount "34"]
[EventDate "2019.06.24"]
[EventType "swiss"]
[EventCountry "TUR"]
[SourceTitle "playchess.com"]
[Source "ChessBase"]
[SourceQuality "1"]
[TimeControl "5400+30"]

1. e4 e5 2. Nf3 Nc6 3. Bb5 a6 4. Ba4 d6 5. c3 Bd7 6. d4 g6 7. O-O Bg7 8. Be3 Nf6 9. dxe5 Nxe5 10. Nxe5 dxe5 11. Bxd7+ Qxd7 12. Qxd7+ Kxd7 13. f3 Ke6 14. Nd2 Rhd8 15. a4 a5 16. Nc4 Ne8 17. Rfd1 Rxd1+ 1/2-1/2

[Event "7th Cesme Open-A 2019"]
[Site "Cesme"]
[Date "2019.06.30"]
[Round "9"]
[White "Caputcuoglu, Zeki Berke"]
[Black "Guliev, Logman"]
[Result "0-1"]
[ECO "E11"]
[WhiteElo "2097"]
[BlackElo "2320"]
[Annotator "NA"]
[PlyCount "128"]
[EventDate "2019.06.24"]
[EventType "swiss"]
[EventCountry "TUR"]
[SourceTitle "playchess.com"]
[Source "ChessBase"]
[SourceQuality "1"]
[TimeControl "5400+30"]

1. Nf3 Nf6 2. d4 e6 3. c4 Bb4+ 4. Nbd2 b6 5. a3 Bxd2+ 6. Qxd2 Bb7 7. g3 O-O 8. Bg2 d6 9. O-O Nbd7 10. b4 a5 11. Bb2 Be4 12. Rfd1 Qe7 13. Qc3 Rfe8 14. Bf1 h6 15. Nd2 Bb7 16. f3 c5 17. e4 d5 18. e5 Nh7 19. bxc5 bxc5 20. cxd5 Bxd5 21. Bc4 Bb7 22. Qe3 Rec8 23. Bb5 Nb6 24. Rac1 Nd5 25. Qd3 cxd4 26. Bxd4 Ng5 27. h4 Nh3+ 28. Kh2 Nhf4 29. Qf1 Ng6 30. Ne4 Rxc1 31. Rxc1 Rc8 32. h5 Nf8 33. Bc5 Qd8 34. Nd6 Rc7 35. Nxb7 Rxb7 36. f4 Nc3 37. Rxc3 Qd2+ 38. Qg2 Qxc3 39. Qxb7 Qxc5 40. Be8 Qc2+ 41. Qg2 Qd1 42. g4 Qd4 43. Qf3 g6 44. Kh3 Kg7 45. g5 gxh5 46. gxh6+ Kxh6 47. Qg3 Ng6 48. Qg5+ Kh7 49. Bxf7 Nxf4+ 50. Kh4 Qf2+ 51. Qg3 Ng2+ 52. Kh3 Qxf7 53. Qxg2 Qf5+ 54. Kh4 Qf4+ 55. Kh3 Qxe5 56. Qb7+ Kg6 57. Qc8 Qf5+ 58. Kh2 h4 59. Qg8+ Kh5 60. Qh8+ Kg4 61. Qg8+ Kf3 62. Qg2+ Ke3 63. Qc6 Qf2+ 64. Kh1 Qf3+ 0-1

[Event "7th Cesme Open-A 2019"]
[Site "Cesme"]
[Date "2019.06.30"]
[Round "9"]
[White "Rzayev, Askar Aliakbar"]
[Black "Aydincelebi, Kagan"]
[Result "0-1"]
[ECO "B22"]
[WhiteElo "2089"]
[BlackElo "2258"]
[Annotator "NA"]
[PlyCount "138"]
[EventDate "2019.06.24"]
[EventType "swiss"]
[EventCountry "TUR"]
[SourceTitle "playchess.com"]
[Source "ChessBase"]
[SourceQuality "1"]
[TimeControl "5400+30"]

1. e4 c5 2. c3 d5 3. exd5 Qxd5 4. d4 Nc6 5. Nf3 Bf5 6. Be3 cxd4 7. cxd4 Bxb1 8. Rxb1 Nf6 9. Qa4 a6 10. b4 b5 11. Qc2 e6 12. a3 Bd6 13. Bd3 h6 14. O-O O-O 15. Rfc1 Rac8 16. Qe2 Rfd8 17. g3 Rb8 18. Bc2 a5 19. Bb3 Qe4 20. Bc2 Qg4 21. Bd1 Ne7 22. Ne5 Qxe2 23. Bxe2 axb4 24. axb4 Nfd5 25. Bd2 Rb6 26. Bf3 Ra6 27. Rb2 Ra4 28. Bd1 Ra3 29. Be2 Rb8 30. Nd7 Rb7 31. Nc5 Bxc5 32. Rxc5 Nf5 33. Bxb5 Nxd4 34. Bc6 Nxc6 35. Rxc6 Rb5 36. Rc5 Rxc5 37. bxc5 Ra6 38. Rb8+ Kh7 39. Rc8 Kg6 40. Kg2 Ra2 41. Be1 Re2 42. Ba5 Rc2 43. Kf3 f5 44. Rc6 Kf7 45. Bc7 Ne7 46. Ra6 Rxc5 47. Ra7 Rc3+ 48. Kg2 Nc6 49. Ba5+ Nxa7 50. Bxc3 Nc6 51. f4 g6 52. Kf3 Ke7 53. h3 Kd6 54. Ke3 Kd5 55. g4 Kc4 56. Bg7 h5 57. gxh5 gxh5 58. Kf3 Kd3 59. Kg3 Ke4 60. Bh6 Nd4 61. Kh4 Ne2 62. Kxh5 Nxf4+ 63. Kh4 e5 64. Bg7 Ne6 65. Bf6 Kf4 66. Kh5 e4 67. Kg6 e3 68. h4 Kg4 69. Bc3 Nf4+ 0-1